AoeStats
← Tinchi88

Arabia

510153281Analyzed
2v2 RM · 1d ago on Sep 29, 2026· 23m 20s· 4 players
Game mode
Random Map
Map size
Medium (4 player)
Population
200
Speed
Normal
Resources
Standard
Victory
Conquest
Starting age
Dark Age
Ending age
Imperial Age
RankedLock teamsTeams togetherTeam positionsShared explorationLock speedFull tech treeHidden civsTurbo modeCheats
Victory
Defeat
🇦🇪 Hindustanis · United Arab Emirates
1163
+14
🇦🇪 Wei · United Arab Emirates
1146
+16
🇧🇷 Burgundians · Brazil
1128
-15
🇺🇸 Bohemians · United States
1125
-15
vascoduro
4:38 Double-Bit Axe
5:05 Loom
11:25 Feudal Age
10:21 Horse Collar
11:52 Gold Mining
14:08 Wheelbarrow
18:41 Hand Cart
19:23 Scale Mail Armor
21:07 Bow Saw
20:51 Town Watch
23:24 Castle Age
21:51 Heavy Plow
22:15 Forging
23:40 Gold Shaft Mining
SirDabsAlot419
11:29 Feudal Age
9:46 Loom
14:23 Double-Bit Axe
16:46 Horse Collar
21:44 Castle Age
20:25 Fletching
22:34 Bodkin Arrow
ParaBellum
3:05 Loom
9:18 Feudal Age
13:40 Forging
13:49 Scale Barding Armor
15:51 Bloodlines
17:53 Forging
21:46 Castle Age
20:56 Double-Bit Axe
21:51 Horse Collar
22:40 Bow Saw
23:09 Wheelbarrow
23:18 Chain Barding Armor
23:43 Husbandry
Tinchi88
6:29 Loom
8:47 Feudal Age
9:17 Double-Bit Axe
9:14 Horse Collar
16:32 Wheelbarrow
19:55 Castle Age
19:44 Forging
20:17 Bloodlines
20:14 Scale Barding Armor
20:01 Gold Mining
21:40 Husbandry
22:09 Bow Saw
Connection lost

Rejoining the realm…

Still unreachable

The connection could not be restored.

Session expired

The server has moved on; the page needs a fresh start.